 Dungeon Crawl Stone Soup version 0.28-a0-382-g33c4956463 (webtiles) character file.

Game seed: 2301540515600980876

224 Ijustatesigmund the Cudgeller (level 6, -2/36 HPs)
             Began as a Gargoyle Fighter on Sept 2, 2021.
             Slain by a goblin (4 damage)
             ... led by Robin
             ... on level 3 of the Dungeon.
             The game lasted 00:03:46 (2702 turns).

Ijustatesigmund the Cudgeller (Gargoyle Fighter)    Turns: 2702, Time: 00:03:47

Health: -2/36      AC: 13    Str: 21    XL:     6   Next: 0%
Magic:  6/6        EV:  7    Int:  9    God:
Gold:   875        SH:  4    Dex: 11    Spells: 5/5 levels left

rFire   . . .      SeeInvis .   e - +2 mace (venom)
rCold   . . .      Faith    .   c - +0 buckler
rNeg    + . .      Spirit   .   b - +0 chain mail
rPois   ∞          Reflect  .   (no helmet)
rElec   +          Harm     .   (no cloak)
rCorr   .          Rampage  .   (no gloves)
Will    .....                   (no boots)
Stlth   ..........              (no amulet)
HPRegen 0.12/turn               (no ring)
MPRegen 0.10/turn               (no ring)

@: mighty
A: sickness immunity, AC +4, negative energy resistance 1, electricity
resistance, torment resistance 1, petrification resistance, frail 1, strong 1
a: no special abilities


You were on level 3 of the Dungeon.
You visited 1 branch of the dungeon, and saw 3 of its levels.

You collected 875 gold pieces.

Inventory:

Hand Weapons
 a - a +0 flail
 e - a +2 mace of venom (weapon)
Armour
 b - a +0 chain mail (worn)
 c - a +0 buckler (worn)
Jewellery
 i - a ring of flight
 j - a ring of fire
 k - a ring of protection from cold
Wands
 n - a wand of iceblast (3)
Scrolls
 f - a scroll of identify
Potions
 g - 3 potions of resistance


   Skills:
 + Level 4.8 Fighting
 * Level 5.0 Maces & Flails
 - Level 3.3 Armour
 - Level 3.3 Shields


You had 5 spell levels left.
You didn't know any spells.
Your spell library contained the following spells:

 Spells                   Type           Power      Damage    Failure   Level
 Conjure Flame            Conj/Fire      0%         6-21      100%        3
 Ignite Poison            Fire/Tmut/Pois 0%         N/A       100%        3
 Sticky Flame             Conj/Fire      0%         2d3       100%        4


Dungeon Overview and Level Annotations

Branches:
Dungeon (3/15)

Altars:


Innate Abilities, Weirdness & Mutations

You are immune to sickness and miasma.
Your stone body is resilient. (AC +4)
You are immune to poison.
You resist negative energy. (rN+)
You are resistant to electric shocks. (rElec)
You are resistant to unholy torment.
You are immune to petrification.
You are frail. (-10% HP)
Your muscles are strong. (Str +2)


Message History

The goblin wields a +0 hunting sling.
The goblin shoots a stone.
The stone hits you but does no damage. The goblin closely misses you.
The goblin hits you with a +0 club. The goblin closely misses you. x2
You have reached level 6!
Your experience leads to an increase in your attributes!
Increase (S)trength, (I)ntelligence, or (D)exterity?
You feel agile.
It was a potion of mutation.
You feel extremely strange.
You feel frail.
You feel stronger.
The goblin no longer looks unusually strong.
The goblin hits you but does no damage. You block the goblin's attack.
The goblin hits you with a +0 club.
* * * LOW HITPOINT WARNING * * *
The goblin shoots a stone.
The stone hits you but does no damage. The goblin barely misses you.
The goblin hits you with a +0 dagger.
* * * LOW HITPOINT WARNING * * *
Okay, then.
You feel very mighty all of a sudden.
The goblin no longer looks unusually strong.
The goblin barely misses you. x3; The goblin shoots a stone.
You block the stone. The goblin hits you with a +0 club.
* * * LOW HITPOINT WARNING * * *
The goblin hits you but does no damage.
You barely miss the goblin. You block the goblin's attack. x3
The goblin shoots a stone.
The stone hits you but does no damage. The goblin hits you but does no damage.
The goblin hits you with a +0 dagger.
* * * LOW HITPOINT WARNING * * *
The goblin hits you but does no damage. The goblin hits you with a +0 club.
* * * LOW HITPOINT WARNING * * *
You barely miss the goblin. The goblin hits you but does no damage.
The goblin shoots a stone.
The stone barely misses you.
The stone hits the goblin.
The goblin dies!
You block the goblin's attack. The goblin barely misses you.
You block the goblin's attack. The goblin hits you but does no damage.
The goblin shoots a stone.
The stone hits you but does no damage.
You sock the goblin!
You kill the goblin!
The goblin hits you with a +0 dagger.
You die...

.# . #.# .....# .. #.#
...... ...
#######.####...... ....
+................. .....
#................
.....g##g...............
......)@)...............
......gg).........#
........#####'#####
........# #.# ........#
###.#######
##+########..........
#>...............###
####.#####.#.###..# #.#
#.#... ...


You could see 4 goblins.

Vanquished Creatures
  A phantom (D:3)
  Ijyb (D:3)
  Natasha (D:3)
  Robin (D:3)
  2 adders (D:2)
  A worm (D:2)
  A dart slug (D:1)
  5 endoplasms
  10 goblins
  8 hobgoblins
  6 jackals
  4 kobolds
  2 quokkas
  7 ball pythons
  8 bats
  7 rats
65 creatures vanquished.

Vanquished Creatures (others)
  A goblin (D:3)
1 creature vanquished.

Grand Total: 66 creatures vanquished

Notes
Turn   | Place    | Note
-------+----------+-------------------------------------------
     0 | D:1      | Ijustatesigmund the Gargoyle Fighter began the quest for
                  | the Orb.
     0 | D:1      | Reached XP level 1. HP: 14/14 MP: 1/1
   158 | D:1      | Reached XP level 2. HP: 19/19 MP: 2/2
   828 | D:1      | Reached skill level 3 in Maces & Flails
   828 | D:1      | Reached XP level 3. HP: 24/24 MP: 3/3
  1296 | D:2      | Found a faded altar of an unknown god.
  1722 | D:2      | Reached XP level 4. HP: 29/29 MP: 4/4
  1991 | D:3      | Noticed Ijyb
  2001 | D:3      | Killed Ijyb
  2002 | D:3      | Reached skill level 4 in Maces & Flails
  2503 | D:3      | Identified a scroll of acquirement
  2503 | D:3      | Acquired 762 gold pieces
  2549 | D:3      | Noticed a phantom
  2571 | D:3      | Killed a phantom
  2572 | D:3      | Reached XP level 5. HP: 22/34 MP: 5/5
  2680 | D:3      | Noticed Natasha
  2683 | D:3      | Killed Natasha
  2684 | D:3      | Noticed Robin
  2694 | D:3      | Killed Robin
  2695 | D:3      | Reached skill level 5 in Maces & Flails
  2698 | D:3      | Reached XP level 6. HP: 15/40 MP: 6/6
  2698 | D:3      | Gained mutation: You are frail. (-10% HP) [potion of
                  | mutation]
  2698 | D:3      | Gained mutation: Your muscles are strong. (Str +2) [potion
                  | of mutation]
  2700 | D:3      | HP: 1/36 [goblin[Robin] (3)]
  2702 | D:3      | Slain by a goblin

Illustrated notes

Levels and vault maps discovered:
D:1:      lightli_arrival_windingriver, layout_basic
D:2:      minmay_angry_zag, layout_loops_corners,
          shapermc_ecumenical_altar_mp_highgroup, minmay_close_crescents
D:3:      layout_basic, mainiacjoe_overflow_concentric_impassable, uniq_natasha,
          uniq_robin, uniq_ijyb

Skill      XL: |  1  2  3  4  5 |
---------------+----------------+-----
Maces & Flails | 3 4 5 |  5.0
Fighting       | 4 |  4.8
Armour         | |  3.3
Shields        | |  3.3

Action                   |  1- 3 |  4- 6 || total
-------------------------+-------+-------++-------
Melee: Flail             |    34 |       ||    34
       Mace              |    71 |    67 ||   138
Evoke: Wand              |       |     2 ||     2
  Use: Scroll            |     1 |     3 ||     4
       Potion            |       |     4 ||     4
Armor: Scale mail        |    44 |     3 ||    47
       Chain mail        |       |    67 ||    67
Dodge: Dodged            |    59 |    38 ||    97
Block: Buckler           |    24 |    25 ||    49

Table legend: (Time is in decaauts)
 A = Elapsed time spent in this place.
 B = Non-inter-level travel time spent in this place.
 C = Inter-level travel time spent in this place.
 D = Time resting spent in this place.
 E = Time spent auto-exploring this place.
 F = Levels seen in this place.
 G = Mean time per level.
                   A        B        C        D        E       F      G
               +--------+--------+--------+--------+--------+-----+--------+
         Total |   2744 |   2689 |     55 |    471 |   1782 |   3 |  914.7 |
       Dungeon |   2744 |   2689 |     55 |    471 |   1782 |   3 |  914.7 |
               +--------+--------+--------+--------+--------+-----+--------+

Top non-repeatable levels by time:
     D:2: 1066 daAuts
     D:1: 916 daAuts
     D:3: 762 daAuts
